 Dungeon Crawl Stone Soup version 0.21.1-1-g345015f (webtiles) character file.

123 Goblin1989 the Insei (level 4, -3/32 HPs)
             Began as a Demonspawn Transmuter on Mar 16, 2018.
             Killed from afar by Natasha (8 damage)
             ... with a magic dart
             ... on level 2 of the Dungeon.
             The game lasted 00:04:06 (3068 turns).

Goblin1989 the Insei (Demonspawn Transmuter)        Turns: 3068, Time: 00:04:07

Health: -3/32      AC:  5    Str: 10    XL:     4   Next: 79%
Magic:  7/7        EV: 12    Int: 15    God:
Gold:   111        SH:  0    Dex: 14    Spells: 1/7 levels left

rFire    + . .     SeeInvis .     - Unarmed
rCold    . . .     Gourm    .   (no shield)
rNeg     . . .     Faith    .   b - +0 robe
rPois    .         Spirit   .   (no helmet)
rElec    .         Reflect  .   m - scarf {repulsion}
rCorr    .         Harm     .   o - +2 pair of gloves
MR       .....                  (no boots)
Stlth    +.........             l - amulet of magic regeneration
HPRegen  0.10/turn              (no ring)
MPRegen  0.35/turn              (no ring)

@: repel missiles
A: fire resistance 1, flame cloud immunity
a: no special abilities


You were on level 2 of the Dungeon.
You were not hungry.

You visited 1 branch of the dungeon, and saw 2 of its levels.

You collected 111 gold pieces.

Inventory:

Missiles
 a - 26 arrows
 h - 95 stones (quivered) {@Q3}
Armour
 b - a +0 robe (worn)
 m - a scarf of repulsion (worn)
 o - a +2 pair of gloves (worn)
 r - a +0 scale mail
Jewellery
 l - an amulet of magic regeneration (around neck)
Scrolls
 f - 2 scrolls of teleportation {unknown}
 g - 2 scrolls of remove curse {unknown}
 j - a scroll of immolation {unknown}
 p - a scroll of identify {unknown}
Potions
 k - a potion of berserk rage {unknown}
 n - a potion of flight {unknown}
 s - a potion of curing {unknown}
Books
 c - a book of Changes

   Spells                             Type                      Level
   a - Beastly Appendage              Transmutation                1
   b - Sticks to Snakes               Transmutation                2
   c - Spider Form                    Transmutation/Poison         3
   d - Ice Form                       Ice/Transmutation            4
   e - Blade Hands                    Transmutation                5
Comestibles
 e - 4 rations
 t - 5 chunks of flesh


   Skills:
 + Level 1.5 Fighting
 + Level 2.1 Dodging
 * Level 4.2 Unarmed Combat
 + Level 2.3 Spellcasting
 * Level 2.4 Transmutations


You had one spell level left.
You knew the following spells:

 Your Spells              Type           Power        Failure   Level  Hunger
a - Beastly Appendage     Tmut           #.....       8%          1    #......
b - Sticks to Snakes      Tmut           #.......     12%         2    ###....
c - Spider Form           Tmut/Pois      #.........   36%         3    ###....


Dungeon Overview and Level Annotations

Branches:
Dungeon (2/15)

Altars:

Annotations:
D:2 Natasha


Innate Abilities, Weirdness & Mutations

Your flesh is heat resistant. (rF+)
You are immune to clouds of flame.


Message History

You butcher the rat corpse.
t - 8 chunks of flesh (gained 1)
You butcher the rat corpse.
t - 9 chunks of flesh (gained 1)
You now have 111 gold pieces (gained 4).
e - 4 rations (gained 1)
Things that are here:
a rat skeleton x3
Natasha, Servant of Life and Death comes into view.
Natasha moves out of view.
Unknown command.
No target in view!
No target in view!
No target in view!
No target in view!
No target in view!
No target in view!
No target in view!
No target in view!
No target in view!
No target in view!
No target in view!
No target in view!
No target in view!
No target in view!
Unknown command.
Natasha hisses angrily.
You hit Natasha.
Natasha is lightly wounded.
Natasha claws you.
You take 2 damage, and have 30/32 hp.
You hit Natasha.
Natasha is heavily wounded.
Natasha closely misses you.
You hit Natasha but do no damage.
Natasha is heavily wounded.
Natasha closely misses you.
You hit Natasha.
Natasha is severely wounded.
Natasha claws you.
You take 6 damage, and have 24/32 hp.
You barely miss Natasha.
Natasha is severely wounded.
Natasha claws you.
You take 6 damage, and have 18/32 hp.
You are too injured to fight recklessly!
You are too injured to fight recklessly!
You are too injured to fight recklessly!
You are too injured to fight recklessly!
You are too injured to fight recklessly!
You are too injured to fight recklessly!
You are too injured to fight recklessly!
You are too injured to fight recklessly!
You are too injured to fight recklessly!
You are too injured to fight recklessly!
You are too injured to fight recklessly!
You are too injured to fight recklessly!
You are too injured to fight recklessly!
You are too injured to fight recklessly!
You are too injured to fight recklessly!
You are too injured to fight recklessly!
You are too injured to fight recklessly!
You are too injured to fight recklessly!
You are too injured to fight recklessly!
You are too injured to fight recklessly!
You are too injured to fight recklessly!
You are too injured to fight recklessly!
You barely miss Natasha.
Natasha is severely wounded.
You completely miss Natasha.
Natasha is severely wounded.
Natasha claws you.
* * * LOW HITPOINT WARNING * * *
You take 5 damage, and have 13/32 hp.
You hit Natasha but do no damage.
Natasha is severely wounded.
Natasha wildly gestures.
You feel disoriented. Natasha barely misses you.
You hit Natasha but do no damage.
Natasha is severely wounded.
Natasha stares at you and mumbles some strange words.
The magic dart hits you!
* * * LOW HITPOINT WARNING * * *
You take 8 damage, and have 5/32 hp.
MASSIVE DAMAGE!!
You closely miss Natasha.
Natasha is severely wounded.
Natasha closely misses you.
Some of the chunks of flesh in your inventory have rotted away.
You barely miss Natasha.
Natasha is severely wounded.
Natasha closely misses you.
You hit Natasha.
Natasha is almost dead.
Natasha mumbles some strange words.
You closely miss Natasha.
Natasha is almost dead.
Natasha stares at you and mumbles some strange words.
The magic dart hits you!
You die...

█.█ ███████.█.....██...█.█ █.█
██.█ █.█.....███..█.█ █.. .█.█
█.█..........█.█ ███ .█.█
█████████.█.).......██.█ █.. .█.█
█.......█.█....█.......███.█
.█.███.......█.██.█.█......█.....
................5.█.█............
....██÷.(.....>.h......█.█.....█.
....██.██████...@██.████)█.....█
....██.█ █............█.█"█...█
....██.█ █.█....██..█.█.█.█(..█
....██.█ █.█....██..█.█.█.█.█.█
██████.████.█.█████..█)█.█.█.....
█......█.█ █..█.█.█)█.█.██
████████.█ █..█...█.█...█ █.█
█..█.███.█.█ █.█ █..███ █.█


You could see Natasha and a crimson imp.

Vanquished Creatures
  Natasha (D:2)
  5 adders (D:2)
  A worm (D:2)
  2 dart slugs (D:1)
  A bat (D:1)
  2 giant cockroaches
  7 goblins
  3 hobgoblins (D:2)
  3 jackals (D:2)
  2 quokkas (D:2)
  2 ball pythons
  2 kobolds
  22 rats
53 creatures vanquished.

Notes
Turn   | Place    | Note
-------+----------+-------------------------------------------
     0 | D:1      | Goblin1989 the Demonspawn Transmuter began the quest for the Orb.
     0 | D:1      | Reached XP level 1. HP: 15/15 MP: 3/3
    59 | D:1      | Reached skill level 3 in Unarmed Combat
   140 | D:1      | Gained mutation: Your flesh is heat resistant. (rF+) [demonic ancestry]
   140 | D:1      | Reached XP level 2. HP: 16/21 MP: 5/5
   990 | D:2      | Reached XP level 3. HP: 12/26 MP: 4/6
   996 | D:2      | Learned a level 2 spell: Sticks to Snakes
  1000 | D:2      | Learned a level 3 spell: Spider Form
  1477 | D:2      | Noticed Natasha
  1790 | D:2      | Gained mutation: You are immune to clouds of flame. [demonic ancestry]
  1790 | D:2      | Reached XP level 4. HP: 17/32 MP: 7/7
  2233 | D:2      | Killed Natasha
  2233 | D:2      | Reached skill level 4 in Unarmed Combat
  3052 | D:2      | Noticed Natasha
  3068 | D:2      | Killed from afar by Natasha

Skill      XL: |  1  2  3  4 |
---------------+-------------+-----
Unarmed Combat | 3 4 |  4.2
Transmutations | 2 |  2.4
Dodging        | 2 |  2.1
Fighting       | |  1.5
Spellcasting   | |  2.3

Action                   |  1- 3 |  4- 6 || total
-------------------------+-------+-------++-------
Melee: Unarmed           |   133 |   129 ||   262
       Punch             |     1 |     1 ||     2
 Cast: Beastly Appendage |     2 |       ||     2
 Stab: Sleeping          |     1 |     1 ||     2
  Eat: Chunk             |     3 |     4 ||     7
Armor: Robe              |    36 |    35 ||    71
Dodge: Dodged            |    75 |    79 ||   154

Vault maps used:
D:1:      dpeg_arrival_rhombi
D:2:      nicolae_overflow_hidden_temple, minmay_rat_hole, uniq_natasha,
          uniq_crazy_yiuf_cottage
